 Dungeon Crawl Stone Soup version 0.32-a0-868-g153ae1a8d6 (webtiles) character file.

Game seed: 6018594712688890549

21 zenocrate the Digger (level 2, -5/18 HPs)
             Began as an Octopode Earth Elementalist on Mar 28, 2024.
             Was a Follower of Sif Muna.
             Killed by divine providence
             ... invoked by an orc priest
              (14 damage)
             ... on level 2 of the Dungeon.
             The game lasted 00:00:49 (790 turns).

zenocrate the Digger (Octopode Earth Elementalist)   Turns: 790, Time: 00:00:49

Health: -5/18      AC:  1    Str:  7    XL:     2   Next: 83%
Magic:  4/5        EV: 12    Int: 17    God:    Sif Muna [*.....]
Gold:   92         SH:  0    Dex: 12    Spells: 4/5 levels left

rFire   . . .        b - staff of air
rCold   . . .        (no shield)
rNeg    . . .        (helmet restricted)
rPois   .            (no amulet)
rElec   +            (no ring)
rCorr   .            (no ring)
SInv    .            (no ring)
Will    .....        (no ring)
Stlth   +++          (no ring)
HPRegen 0.23/turn    (no ring)
MPRegen 0.09/turn    (no ring)
                     (no ring)

%: no passive effects
@: no status effects
A: almost no armour, amphibious, 8 rings, camouflage 1, gelatinous body 1,
(nimble swimmer 1), tentacles
a: Renounce Religion, Channel Magic


You were on level 2 of the Dungeon.
You worshipped Sif Muna.
Sif Muna was aware of your devotion.
You visited 1 branch of the dungeon, and saw 2 of its levels.

You collected 92 gold pieces.

Inventory:

Missiles
 h - a throwing net
Magical Staves
 b - a staff of air (weapon)
Scrolls
 d - a scroll of identify {unknown}
 e - a scroll of enchant armour {unknown}
 f - a scroll of revelation {unknown}
 i - a scroll of fear {unknown}
Potions
 a - a potion of magic
 c - a potion of invisibility {unknown}
 g - a potion of cancellation {unknown}


   Skills:
 - Level 0.6 Fighting
 - Level 2.2 Dodging
 - Level 3.0 Stealth
 - Level 0.6 Unarmed Combat
 + Level 2.1 Spellcasting
 + Level 1.2 Conjurations
 + Level 3.1 Earth Magic


You had 4 spell levels left.
You knew the following spells:

 Your Spells              Type           Power      Damage    Failure   Level
a - Sandblast             Erth           24%        2d8       5%          1

Your spell library contained the following spells:

 Spells                   Type           Power      Damage    Failure   Level
 Passwall                 Erth           12%        N/A       16%         3
 Stone Arrow              Conj/Erth      18%        3d8       24%         3
 Brom's Barrelling Bould  Conj/Erth      9%         2d3       61%         4
 Petrify                  Alch/Erth      7%         N/A       69%         4


Dungeon Overview and Level Annotations

Branches:
Dungeon (2/15)

Altars:
Sif Muna


Innate Abilities, Weirdness & Mutations

You cannot wear most types of armour.
You are amphibious.
You can wear up to eight rings at the same time.
Your skin changes colour to match your surroundings (Stealth+).
Your rubbery body absorbs attacks. (AC +1, EV +1)
((You are camouflaged when in or above water. (Stealth+)))
You have tentacles for arms and can constrict up to eight enemies at once.


Message History

You constrict the jackal.
You kill the jackal!
Sif Muna accepts your kill.
Things that are here:
a jackal corpse; a jackal corpse No target in view!
Things that are here:
a jackal corpse; a jackal corpse You now have 86 gold pieces (gained 4).
Things that are here:
a jackal corpse; a jackal corpse You now have 92 gold pieces (gained 6).
You open the door.
An orc and an orc wizard come into view.
The orc shouts!
The orc wizard shouts!
An orc priest comes into view. It is wielding a +0 whip.
Found a ring mail.
The orc priest shouts!
There is an open door here.
There are monsters nearby!
The orc completely misses you.
There are monsters nearby!
You hit the orc but do no damage. You grab the orc. You constrict the orc.
The orc hits you with a +0 flail!
Ouch! That really hurt!
The orc closely misses you.
Casting: Sandblast (safe; 5% risk of failure)
Confirm with . or Enter, or press ? or * to list all spells.
Aiming: Sandblast (safe; 5% risk of failure)
Press: ? - help, Shift-Dir - straight line, f - orc
Aim: an orc, wielding a +0 flail and wearing a +0 leather armour (heavily wounded, constricted by you, 100% to hit)
The blast of sand hits the orc.
The orc is heavily wounded.
You constrict the orc.
You kill the orc!
Sif Muna accepts your kill.
The orc priest mumbles some strange prayers to Beogh against you.
Beogh smites you!
Ouch! That really hurt!
You die...

###.#.####.......#.#
#####....###..........##
.......>#..+............
#####..###.#..........#
#..## ##.#.......#
#.#.###.###.....##
#.##.#.## ##...## #.
##.## ##'## #. ### #@#
#. #)# #. #o# .. .o[ ...
..#.. .. .# #.. ##


You could see an orc priest and an orc wizard.

Vanquished Creatures
  A dart slug (D:1)
  An orc (D:2)
  2 giant cockroaches (D:1)
  2 goblins
  2 hobgoblins (D:1)
  3 jackals (D:2)
  2 kobolds
  3 bats
  A frilled lizard (D:1)
  A rat (D:1)
18 creatures vanquished.

Notes
Turn   | Place    | Note
-------+----------+-------------------------------------------
     0 | D:1      | zenocrate the Octopode Earth Elementalist began the quest
                  | for the Orb.
     0 | D:1      | Reached XP level 1. HP: 11/11 MP: 3/3
   135 | D:1      | Reached XP level 2. HP: 8/18 MP: 3/5
   225 | D:1      | Found a faded altar of an unknown god.
   350 | D:1      | Prayed at the altar of an unknown god.
   350 | D:1      | Became a worshipper of Sif Muna the Loreminder
   350 | D:1      | Reached * piety under Sif Muna
   790 | D:2      | Killed from afar by an orc priest

Illustrated notes

Levels and vault maps discovered:
D:1:      minmay_arrival_three_doors, layout_basic, basic_ecumenical_altar,
          minmay_close_crescents
D:2:      layout_loops_corners, hangedman_decor_push

Skill      XL: |  1 |
---------------+----+-----
Stealth        | 3 |  3.0
Fighting       | |  0.6
Dodging        | |  2.2
Unarmed Combat | |  0.6
Spellcasting   | |  2.1
Conjurations   | |  1.2
Earth Magic    | |  3.1

Action                     || total
---------------------------++-------
  Melee: Unarmed           ||     7
         Constrict         ||     9
         Tentacles         ||     4
         Staff             ||     9
   Cast: Sandblast         ||    13
   Stab: Sleeping          ||     1
 Armour: Skin              ||    11
  Dodge: Dodged            ||    13

Table legend: (Time is in decaauts)
 A = Elapsed time spent in this place.
 B = Non-inter-level travel time spent in this place.
 C = Inter-level travel time spent in this place.
 D = Time resting spent in this place.
 E = Time spent auto-exploring this place.
 F = Levels seen in this place.
 G = Mean time per level.
                   A        B        C        D        E       F      G
               +--------+--------+--------+--------+--------+-----+--------+
         Total |    797 |    744 |     53 |      0 |    623 |   2 |  398.5 |
       Dungeon |    797 |    744 |     53 |      0 |    623 |   2 |  398.5 |
               +--------+--------+--------+--------+--------+-----+--------+

Top non-repeatable levels by time:
     D:1: 674 daAuts
     D:2: 122 daAuts
